[Event "XII Cracow ICC-A 2024"]
[Site "Krakow"]
[Date "2024.06.26"]
[Round "6.17"]
[White "Panjer, Sidney"]
[Black "Chatalbashev, Boris"]
[Result "1/2-1/2"]
[ECO "A41"]
[WhiteElo "2185"]
[BlackElo "2483"]
[Annotator "TA"]
[PlyCount "129"]
[EventDate "2024.06.20"]
[EventType "swiss"]
[EventCountry "POL"]
[SourceTitle "playchess.com"]
[Source "ChessBase"]
[SourceQuality "1"]
[TimeControl "40/5400+30:1800+30"]

1. d4 d6 2. Nf3 Bg4 3. g3 Bxf3 4. exf3 d5 5. Bd3 e6 6. Be3 {[%emt 0:01:57] A41: 1 d4 d6: Tartakower System and Modern Defence.} Ne7 $146 ({Predecessor:} 6... g6 7. Nd2 Bg7 8. f4 c5 9. Nf3 Nc6 10. dxc5 d4 11. Bd2 Qd5 12. b4 a5 13. bxa5 {½-½ Giannoulakis,L (2355)-Maier,C (2390) GRE-chT 45th 2017 (7.7)}) 7. a4 g6 8. c3 Bg7 9. a5 O-O 10. Nd2 Nd7 11. h4 e5 12. dxe5 Nxe5 13. Bc2 Qd7 14. Kf1 Nf5 15. Bxf5 Qxf5 16. Kg2 b6 17. Qb3 Nd3 18. Ra4 Rfe8 19. axb6 axb6 20. Qb5 Rad8 21. Ra7 Be5 22. Rha1 Bd6 23. Nb3 c5 24. Qxb6 Nxb2 25. Na5 (25. Nxc5 $2 Nc4 26. Qb1 Nxe3+ 27. fxe3 $19) 25... Nd3 26. Nb7 Bb8 27. R7a4 (27. Nxd8 $16 Bxa7 28. Qxa7 (28. Rxa7 Ne1+ 29. Kf1 Nc2 $11) 28... Rxd8 29. Qe7 (29. Bxc5 Ne5 $11)) 27... Rc8 $1 $11 28. Nxc5 $2 (28. Bxc5 $2 Ne1+ 29. Rxe1 Rxe1 $19) (28. Nd6 $1 $11 Bxd6 29. Qxd6) 28... Rxe3 $1 $19 29. fxe3 Nxc5 30. Ra8 Qc2+ 31. Kh1 {[%emt 0:02:36] [#]} (31. Kh3 $142 Nd7 (31... Qxc3 $2 32. Rxb8 Nd7 33. Rxc8+ Qxc8 34. Qb2 $18) 32. Qb7 Qf5+ (32... Rxc3 $2 33. Qxd7 Kg7 34. Rxb8 $18) 33. Kg2) 31... Bxg3 $2 (31... Qxc3 $1 $19 {...Kg7 would now be deadly.} 32. Rb1 Nd7) 32. R1a2 $1 $11 (32. Rxc8+ Kg7) 32... Qf5 (32... Qxc3 $2 33. Rxc8+ Kg7 34. Qxc5 $18 (34. Qb2 Qxb2 35. Rxb2 Ne6 $18)) 33. Kg2 Bxh4 $2 (33... Ne4 $1 $11) 34. Qxc5 $18 Qg5+ 35. Kf1 Rd8 36. Qc7 $2 (36. Qd4 $18 {has better winning chances.}) 36... Rxa8 $16 37. Rxa8+ Kg7 38. Ra7 (38. Re8 $16) 38... Qf5 $1 $11 39. Qf4 Qd3+ 40. Kg1 Bf6 41. Kg2 Qe2+ (41... Bxc3 42. Qxf7+ (42. Rxf7+ Kg8 $11) 42... Kh6 43. Qxh7+ (43. Qf4+ g5 44. Qh2+ Kg6 45. Qxh7+ Kf6 46. Qxd3 Bb4 47. Qd4+ Ke6 48. Qxb4 Ke5 49. Ra6 Kf5 50. Qg4+ Ke5 51. Qxg5#) 43... Kg5 44. f4+ Kf5 45. Qd7+ Ke4 46. Qe6+) 42. Kg1 g5 (42... Bxc3 43. Qxf7+ (43. Rxf7+ Kg8 $11) 43... Kh6 44. Qf4+ (44. Qxd5 $2 Qxe3+ 45. Kf1 Qxa7 $19) 44... g5 45. Qd6+) (42... Qe1+ $17 43. Kg2 Qe2+ (43... Qxc3 44. Qc7 $11) 44. Kg1 Qd1+ (44... Bxc3 45. Qxf7+ Kh6 46. Qf4+ g5 47. Qd6+) 45. Kg2 Qc2+ (45... Bxc3 46. Qxf7+ Kh6 47. Qf4+ g5 48. Qf8+ Kh5 49. Rxh7+ Kg6 50. Rh6#) 46. Kh1 h5 (46... Bxc3 47. Qxf7+ Kh6 48. Qf8+) (46... Qxc3 47. Qc7 $11)) 43. Qc7 $11 Qxe3+ (43... Qxf3 44. Qxf7+ Kh8 45. Qxh7#) 44. Kg2 Qe2+ (44... Qxc3 45. Qxf7+ Kh8 46. Qxh7#) 45. Kg1 Qd1+ (45... Qxf3 46. Qxf7+ Kh8 47. Qxh7#) (45... Qe6 {simplifies} 46. Qd7 Qxd7 47. Rxd7 Bxc3 48. Rxd5 f6) 46. Kg2 Qc2+ 47. Kh1 Qg6 (47... Bxc3 48. Qxf7+ Kh6 49. Qe6+ (49. Qxd5 Qc1+ 50. Kg2 Qd2+ 51. Qxd2 Bxd2 $16) 49... Qg6 50. Qh3+ (50. Qxd5 Bf6 $16) 50... Qh5 51. Ra6+ (51. Rxh7+ Kxh7 52. Qxh5+ Kg8 53. Qxg5+ Kf8 54. Qd8+ Kg7 55. Qxd5 Kh7 56. Qd3+ Kh6) (51. Rxh7+ Kxh7 52. Qxh5+ Kg8 53. Qxg5+ Kf8 54. Qd8+ Kf7 55. Qxd5+ Kg7)) 48. Qd7 Bxc3 49. Qxd5 h5 50. Rb7 g4 51. Rb5 g3 52. Qg5 Bf6 53. Qxg6+ fxg6 54. Kg2 h4 55. Rb1 g5 56. Kh3 Kg6 57. Rb5 Bd4 58. Rd5 Be3 59. Re5 Bf4 60. Rb5 $1 Kf6 61. Kg2 Be5 62. Ra5 $1 Kf5 63. Rb5 Kf4 64. Rb4+ Kf5 65. Rb5 1/2-1/2

[Event "XII Cracow ICC-A 2024"]
[Site "Krakow"]
[Date "2024.06.26"]
[Round "6.18"]
[White "Pyrig, Roman"]
[Black "Fus, Jakub"]
[Result "1/2-1/2"]
[ECO "D12"]
[WhiteElo "2260"]
[BlackElo "2455"]
[Annotator "TA"]
[PlyCount "70"]
[EventDate "2024.06.20"]
[EventType "swiss"]
[EventCountry "POL"]
[SourceTitle "playchess.com"]
[Source "ChessBase"]
[SourceQuality "1"]
[TimeControl "40/5400+30:1800+30"]

1. d4 Nf6 2. Nf3 d5 3. e3 Bf5 4. c4 c6 5. Nc3 e6 6. Bd3 Bg6 7. O-O Nbd7 8. Qe2 Bb4 9. cxd5 Bxd3 10. Qxd3 {[%emt 0:00:07] [#] Hoping for dxe6.} exd5 11. Nd2 {[%emt 0:00:59] Black has an edge.} O-O 12. a3 Bd6 13. e4 dxe4 14. Ndxe4 Qc7 (14... Nxe4 $5 15. Qxe4 Re8 $15) 15. h3 Nxe4 16. Nxe4 Nb6 17. Ng5 g6 18. Ne4 Nd5 19. Nc3 Qa5 20. Bd2 Rfe8 21. b4 Qb6 22. Rfe1 Bf8 23. Nxd5 cxd5 24. Re5 Red8 25. Rae1 Bg7 {[%emt 0:09:42] [#]} 26. Bg5 $1 Bxe5 (26... f6 {simplifies} 27. Re6 Rd6 28. Rxd6 Qxd6 29. Bd2 Qd7) 27. dxe5 (27. Bxd8 $11 Bh2+ (27... Rxd8 28. Rxe5 Rc8 29. Rxd5 $18) (27... Qxd4 $2 {is the wrong capture.} 28. Qxd4 Bxd4 29. Re8+ Kg7 30. Bf6+ Kxf6 31. Rxa8 $18) 28. Kxh2 Rxd8 29. g3) 27... Re8 $15 28. Qd2 Rac8 29. Bf6 $1 {[%emt 0:00:51][%cal Od2h6] Qh6! would kill now.} Re6 30. Qxd5 Qc6 31. Qd4 Qc3 32. Qe4 Qd2 (32... Rec6 $15 33. Re3 Qd2) 33. Re2 $1 $11 {[%emt 0:02:30] The position is equal.} Qd1+ 34. Re1 Qd2 35. Re2 $1 Qd1+ {[%emt 0:12:26] Weighted Error Value: White=0.09 (flawless) /Black=0.08 (flawless) .  Mistake:       	White=1     	Black=1      Inaccurate:     	---       	Black=2      OK:         	White=8     	Black=12     Best:        	---       	Black=2      Strong:       	White=3     	---} 1/2-1/2

[Event "XII Cracow ICC-A 2024"]
[Site "Krakow"]
[Date "2024.06.26"]
[Round "6.19"]
[White "Licznerski, Lukasz"]
[Black "Jaskolka, Tomasz"]
[Result "1-0"]
[ECO "B85"]
[WhiteElo "2434"]
[BlackElo "2249"]
[Annotator "TA"]
[PlyCount "107"]
[EventDate "2024.06.20"]
[EventType "swiss"]
[EventCountry "POL"]
[SourceTitle "playchess.com"]
[Source "ChessBase"]
[SourceQuality "1"]
[TimeControl "40/5400+30:1800+30"]

1. e4 c5 2. Nf3 e6 3. d4 cxd4 4. Nxd4 Nc6 5. Nc3 Qc7 6. Be3 a6 7. Be2 Nf6 8. O-O Be7 9. f4 d6 10. Qe1 O-O 11. Qg3 Nxd4 12. Bxd4 b5 13. a3 Bb7 14. Kh1 Bc6 15. Rae1 Rad8 16. Bd3 Qd7 17. Nd1 (17. Bb6 {is more complex.} Rde8 18. e5 dxe5 19. fxe5 Nd5 20. Nxd5 Qxd5 21. Rd1) 17... Nh5 18. Qg4 {[%emt 0:00:00] The position is equal.} Nf6 19. Qe2 Ne8 20. Bc3 Bh4 21. Nf2 g6 {[%emt 0:00:20] Prevents Qh5} 22. Qg4 Bf6 23. Bxf6 Nxf6 24. Qh4 Kg7 25. e5 Ng8 26. Ng4 Qe7 {[%emt 0:01:06] Against Nf6} 27. Qg3 (27. Qxe7 {simplifies} Nxe7 28. Nf6 h5 29. Kg1) 27... Qb7 ({Black should play} 27... h5 $11 28. exd6 Qxd6) 28. Rf2 h5 $2 {[%emt 0:05:39][%mdl 8192] [#]} (28... dxe5 $11 29. fxe5 Be4) 29. Nf6 $1 $18 Nxf6 (29... Kh8 30. Qg5) 30. exf6+ Kxf6 {[%emt 0:00:24] [#]} 31. Qg5+ $1 Kg7 {[%emt 0:00:04] [#] Black cannot hold the game after this.} 32. Bxg6 $1 f6 (32... fxg6 33. Rxe6) 33. Qxh5 Rh8 {[%emt 0:00:20][%cal Bf8h8,Bh8h6,Bh6h3][%mdl 32] Prevents Qh7+.} 34. Qg4 Kf8 {[%emt 0:00:16] Dodges Be8} (34... Rh6) 35. Qxe6 Kg7 36. Qg4 {[%emt 0:00:29] Strongly threatening Rfe2.} Kf8 37. Rfe2 {[%emt 0:00:04] Hoping for Qf5.} Rh6 38. f5 Qg7 39. Qg3 {[%emt 0:01:47][%cal Og3d6] Qxd6+! would kill now.} Qh8 40. Re7 (40. Re8+ $142 Rxe8 41. Rxe8+ (41. Qxd6+ Kg8 42. Rxe8+ Bxe8 43. Qe6+ Kg7 44. Qe7+ Kg8 45. Qxe8+ Kg7 46. Qf7#) 41... Bxe8 42. Qxd6+ Kg8 43. Qe6+ (43. Bxe8 Qg7 $18) 43... Kg7 44. Qe7+ (44. Qxe8 $2 {perishes.} Rxh2+ 45. Kg1 Rh1+ 46. Kf2 Qh4+ 47. g3 Qd4+ 48. Qe3 Rf1+ 49. Kxf1 Qxe3 $19) 44... Kg8 45. Qxe8+ Kg7 46. Qf7#) 40... Rh3 41. Rf7+ Kg8 42. Bh7+ Kxf7 43. Qxh3 {[%emt 0:00:06] Threatens to win with Bg6+.} Kf8 44. Qh6+ Qg7 45. Qxg7+ Kxg7 {[%emt 0:00:03][%mdl 4096] Endgame. KRB-KRB} 46. Bg6 a5 47. Re7+ Kg8 48. h4 b4 49. axb4 axb4 50. h5 b3 $2 (50... Rd7 51. Rxd7 Bxd7) 51. c3 {[%emt 0:00:19] White is clearly winning.} Kf8 52. Rf7+ Kg8 53. h6 d5 54. Rxf6 {[%emt 0:00:00] Weighted Error Value: White=0.26 (precise) /Black=0.71.  Loses game:     	---       	Black=2      Mistake:       	---       	Black=3      Inaccurate:     	White=2     	Black=5      OK:         	White=12    	Black=8      Strong:       	White=1     	---        Brilliant:      	White=2     	---} 1-0

[Event "XII Cracow ICC-A 2024"]
[Site "Krakow"]
[Date "2024.06.26"]
[Round "6.20"]
[White "Aarav Dengla"]
[Black "Szczurek, Krzysztof"]
[Result "1-0"]
[ECO "B90"]
[WhiteElo "2395"]
[BlackElo "2245"]
[Annotator "RC"]
[PlyCount "119"]
[EventDate "2024.06.20"]
[EventType "swiss"]
[EventCountry "POL"]
[SourceTitle "playchess.com"]
[Source "ChessBase"]
[SourceQuality "1"]
[TimeControl "40/5400+30:1800+30"]

1. e4 c5 2. Nf3 d6 3. d4 cxd4 4. Nxd4 Nf6 5. Nc3 a6 6. h3 g6 7. Be3 Bg7 8. Qd2 O-O 9. Bh6 b5 10. Bxg7 Kxg7 11. O-O-O Qa5 12. Nb3 Qb6 13. Nd5 Nxd5 14. exd5 Nd7 15. g4 Bb7 16. Bg2 e5 17. Na5 Rac8 18. h4 h6 19. g5 h5 20. Rhe1 Ba8 21. Nc6 f5 22. gxf6+ Rxf6 23. Be4 Qxf2 24. Qxf2 Rxf2 25. Rg1 Nf8 26. b3 Rc7 27. Nd8 Re7 28. Nc6 Re8 29. Rdf1 Rf4 30. Rxf4 exf4 31. Bd3 Kf6 32. Kd2 Bb7 33. a4 bxa4 34. bxa4 Rc8 35. Be4 Bxc6 36. dxc6 Ke5 37. Re1 Kf6 38. Rg1 Ke5 39. Re1 Kf6 40. Bd5 f3 41. Re3 f2 42. Ke2 g5 43. hxg5+ Kxg5 44. Kxf2 Ng6 45. Re6 Nf4 46. Rxd6 Nxd5 47. Rxd5+ Kf4 48. Rc5 Ke4 49. c3 Kf4 50. c7 a5 51. Kg2 Kg4 52. Kh2 Kh4 53. Kg2 Kg4 54. Kh2 Kh4 55. Rc6 Kg4 56. Rg6+ Kf5 57. Rc6 Kg4 58. Kg2 Kf4 59. Kh3 h4 60. Rc5 1-0

[Event "XII Cracow ICC-A 2024"]
[Site "Krakow"]
[Date "2024.06.26"]
[Round "6.21"]
[White "Vincenti, Leonardo"]
[Black "Cieslak, Patryk"]
[Result "0-1"]
[ECO "B40"]
[WhiteElo "2166"]
[BlackElo "2358"]
[Annotator "RC"]
[PlyCount "54"]
[EventDate "2024.06.20"]
[EventType "swiss"]
[EventCountry "POL"]
[SourceTitle "playchess.com"]
[Source "ChessBase"]
[SourceQuality "1"]
[TimeControl "40/5400+30:1800+30"]

1. e4 c5 2. Nf3 e6 3. c3 Nf6 4. e5 Nd5 5. d4 cxd4 6. cxd4 d6 7. Bc4 Nc6 8. O-O Be7 9. a3 O-O 10. Qe2 Bd7 11. Qe4 Na5 12. Bd3 f5 13. exf6 Nxf6 14. Qh4 Nb3 15. Bg5 Nxa1 16. Bxf6 Bxf6 17. Qxh7+ Kf7 18. Nbd2 Rh8 19. Qg6+ Kg8 20. Rxa1 Rh6 21. Qg3 Bc6 22. Re1 Qd7 23. Ne4 Rf8 24. Nfg5 Bxd4 25. Re2 Be5 26. Qg4 Rf4 27. Qg3 Rxe4 0-1

[Event "XII Cracow ICC-A 2024"]
[Site "Krakow"]
[Date "2024.06.26"]
[Round "6.22"]
[White "Oksendal, Martin"]
[Black "Nandhidhaa, P V"]
[Result "1/2-1/2"]
[ECO "C11"]
[WhiteElo "2264"]
[BlackElo "2344"]
[Annotator "RC"]
[PlyCount "239"]
[EventDate "2024.06.20"]
[EventType "swiss"]
[EventCountry "POL"]
[SourceTitle "playchess.com"]
[Source "ChessBase"]
[SourceQuality "1"]
[TimeControl "40/5400+30:1800+30"]

1. e4 e6 2. d4 d5 3. Nc3 Nf6 4. e5 Nfd7 5. f4 c5 6. Nf3 Nc6 7. Be3 Be7 8. Qd2 a6 9. Bd3 b5 10. Qf2 b4 11. Na4 c4 12. Be2 Nb6 13. Nc5 Nd7 14. Na4 Nb6 15. Nc5 Nd7 16. Nxd7 Bxd7 17. O-O O-O 18. h4 f6 19. exf6 Rxf6 20. h5 Bd6 21. Qg3 Ne7 22. Ne5 Nf5 23. Qh3 Nxe3 24. Qxe3 Bc8 25. g4 Rf8 26. g5 Qc7 27. Bg4 c3 28. bxc3 Qxc3 29. Qxc3 bxc3 30. Rab1 Rb8 31. Rxb8 Bxb8 32. Rf3 Bxe5 33. fxe5 Rxf3 34. Bxf3 Bd7 35. Kf2 Ba4 36. Bd1 Kf7 37. Ke3 Bb5 38. Be2 Ba4 39. Bd3 h6 40. gxh6 gxh6 41. Bg6+ Ke7 42. Kd3 a5 43. Kxc3 Kd7 44. Bd3 Ke7 45. Be2 Kf8 46. Kb2 Ke7 47. a3 Kf7 48. Kc1 Ke7 49. Kd2 Be8 50. c4 dxc4 51. Kc3 Bb5 52. Bxc4 Bc6 53. Be2 Bd5 54. Kd3 Kf7 55. Ke3 Ke7 56. Bf3 Bc4 57. Kd2 Kf7 58. Kc3 Ba2 59. Kb2 Bc4 60. Kc3 Ba2 61. Kd2 Bc4 62. Be4 Ke7 63. Kc3 Ba2 64. Bb7 Kf7 65. Kb2 Bc4 66. Be4 Ke7 67. Bg6 Bd5 68. Kc3 Ba2 69. Bd3 Bd5 70. Be2 Kf7 71. Bg4 Ke7 72. Bd1 Kf7 73. Be2 Ke7 74. Kd2 Kf7 75. Ke1 Ke7 76. Kf2 Kf7 77. Kg3 Ke7 78. Kf4 Bb3 79. Bf3 Bc4 80. Ke3 Kf7 81. d5 exd5 82. Kd4 Ke6 83. Bg4+ Ke7 84. Kc5 Bb3 85. Kb5 a4 86. Kc5 Bc4 87. Kd4 Bb3 88. Bf3 Ke6 89. Be2 Ke7 90. Bb5 Bd1 91. Kxd5 Bxh5 92. Bxa4 Bf3+ 93. Kd4 h5 94. Ke3 Bd5 95. Bd1 h4 96. Bg4 Be6 97. Bf3 Bd7 98. Kf4 h3 99. Kg3 Bf5 100. Bd5 Be6 101. Bf3 Bf5 102. a4 h2 103. a5 Bd3 104. Kf4 Be2 105. Bh1 Ke6 106. Ke3 Ba6 107. Kd4 Ke7 108. Bd5 Be2 109. Kc5 Bf1 110. Kd4 Ba6 111. Ke3 Bc4 112. Bf3 Ke6 113. Kd4 Ba6 114. Bd5+ Ke7 115. Kc5 Bf1 116. Kd4 Ba6 117. Ke3 Bc4 118. Bb7 Ba6 119. Bh1 Ke6 120. Ke4 1/2-1/2

[Event "XII Cracow ICC-A 2024"]
[Site "Krakow"]
[Date "2024.06.26"]
[Round "6.23"]
[White "Suder, Jakub"]
[Black "Damen, Jip"]
[Result "1/2-1/2"]
[ECO "E20"]
[WhiteElo "2328"]
[BlackElo "2259"]
[Annotator "RC"]
[PlyCount "63"]
[EventDate "2024.06.20"]
[EventType "swiss"]
[EventCountry "POL"]
[SourceTitle "playchess.com"]
[Source "ChessBase"]
[SourceQuality "1"]
[TimeControl "40/5400+30:1800+30"]

1. d4 Nf6 2. c4 e6 3. Nc3 Bb4 4. f3 c5 5. d5 O-O 6. e4 b5 7. Nh3 bxc4 8. Nf4 Ba6 9. Kf2 exd5 10. Nfxd5 Nc6 11. Bf4 Bxc3 12. bxc3 Nxd5 13. exd5 Qf6 14. dxc6 Qxf4 15. cxd7 Qf6 16. Be2 Bb5 17. Qd5 Qe7 18. Rhe1 Bxd7 19. Qxc4 Be6 20. Qf4 Rab8 21. Bc4 Rb2+ 22. Kg1 Qd7 23. Bxe6 fxe6 24. Qe3 Qd2 25. Qxe6+ Kh8 26. Qg4 Rxa2 27. Rad1 Qf2+ 28. Kh1 Rd2 29. h3 Rxd1 30. Rxd1 Qc2 31. Rd7 Qxc3 32. Rxa7 1/2-1/2

[Event "XII Cracow ICC-A 2024"]
[Site "Krakow"]
[Date "2024.06.26"]
[Round "6.24"]
[White "Eliseev, Sergey"]
[Black "Berin, Artem"]
[Result "1/2-1/2"]
[ECO "C07"]
[WhiteElo "2296"]
[BlackElo "2234"]
[Annotator "RC"]
[PlyCount "178"]
[EventDate "2024.06.20"]
[EventType "swiss"]
[EventCountry "POL"]
[SourceTitle "playchess.com"]
[Source "ChessBase"]
[SourceQuality "1"]
[TimeControl "40/5400+30:1800+30"]

1. e4 e6 2. d4 d5 3. Nd2 c5 4. exd5 Qxd5 5. dxc5 Qxc5 6. Ngf3 Nf6 7. Bd3 Be7 8. Qe2 Nbd7 9. O-O O-O 10. c4 Qc7 11. Ne4 b6 12. Nxf6+ Nxf6 13. b3 Bb7 14. Ne5 Nd7 15. Nxd7 Qxd7 16. Bb2 Rfd8 17. Be4 Qd2 18. Qxd2 Rxd2 19. Bc3 Rd7 20. Bxb7 Rxb7 21. Rfd1 f6 22. a4 a5 23. f4 Kf7 24. Rd3 Rd8 25. Rxd8 Bxd8 26. Rd1 Be7 27. Rd3 Bc5+ 28. Kf1 Ke8 29. Rh3 h6 30. Ke2 Rd7 31. g4 Kf7 32. Rh5 Rc7 33. Rh3 Rd7 34. Rf3 f5 35. Rg3 g6 36. h3 Rd8 37. Rf3 Rd7 38. Rf1 Ke8 39. Rf3 Kf7 40. Rg3 Rd8 41. h4 fxg4 42. Rxg4 h5 43. Rg5 Rc8 44. Be1 Rc6 45. Re5 Bd6 46. Re4 Kf6 47. Kf3 Kf7 48. Re3 Kf6 49. Bc3+ Kf7 50. Be5 Be7 51. Kg3 Kf8 52. Bc3 Bd6 53. Rd3 Ke8 54. Bf6 Bc7 55. Kf3 Bd6 56. Kg3 Bc7 57. Be5 Bd8 58. Bd6 Bf6 59. Ba3 Bd8 60. Bb2 Be7 61. Bc3 Bd6 62. Bd4 Be7 63. Bf2 Bd6 64. Kf3 Be7 65. Ke4 Bd6 66. Rg3 Kf7 67. Rg5 Bc5 68. Bd4 Be7 69. Rb5 Bd8 70. Kf3 Rd6 71. Bf2 Ke8 72. Ke2 Kd7 73. Re5 Bf6 74. Rb5 Bd8 75. c5 bxc5 76. Rb7+ Kc6 77. Rg7 e5 78. fxe5 Re6 79. Bg3 Bc7 80. Kd3 Bxe5 81. Bxe5 Rxe5 82. Rxg6+ Kd5 83. Ra6 Re4 84. Rd6+ Kxd6 85. Kxe4 Ke6 86. Kd3 Kd5 87. Kc3 Kd6 88. Kd2 Kd5 89. Kd3 Kd6 1/2-1/2